Map: Odyssey LE

Players

Dessa

  • Race: Zerg Zerg
  • League: Diamond
  • Spawn Location: 11:00

maZ - Winner!

  • Race: Protoss Protoss
  • League: Diamond
  • Spawn Location: 5:00

VOD

Have the link to the VOD?

Description

Time

  • Played on: Dec. 13, 2017, 10:05 a.m.
  • Length: 14:52
Show
View Real Time Build Order
Export as new Build Order

Dessa Zerg 

Build Orders: Hatch First 

Get SALT Encoding   

  12  0:01  Drone  
  13  0:12  Drone  
  14  0:40  Drone, Hatchery  
  14  0:55  Spawning Pool  
  13  0:58  Drone  
  14  1:07  Overlord  
  14  1:18  Extractor  
  14  1:19  Drone  
  14  1:25  Drone x2  
  16  1:42  Queen  
  16  1:43  Zergling x4  
  20  1:53  Overlord  
  20  1:57  Drone  
  21  2:07  Queen  
  23  2:17  Metabolic Boost  
  23  2:23  Queen  
  23  2:27  Drone  
  26  2:31  Drone  
  27  2:42  Drone  
  27  2:43  Drone x2  
  30  2:46  Drone  
  31  3:10  Drone x4  
  35  3:13  Drone, Overlord  
  35  3:19  Zergling x2  
  36  3:34  Overlord  
  36  3:37  Zergling x12  
  36  3:38  Zergling x2  
  43  3:43  Drone  
  41  4:00  Drone x2  
  41  4:01  Drone x3  
  44  4:14  Drone  
  45  4:17  Extractor  
  45  4:18  Lair  
  45  4:19  Drone, Roach Warren  
  45  4:21  Drone  
  45  4:22  Drone  
  45  4:23  Hatchery  
  43  4:51  Spore Crawler  
  39  4:56  Spore Crawler  
  39  4:58  Extractor  
  39  4:59  Zergling x4  
  38  5:00  Extractor, Zergling x6  
  38  5:04  Roach x4  
  38  5:05  Roach  
  38  5:06  Drone  
  50  5:29  Drone x2  
  50  5:30  Overlord  
  50  5:31  Overlord  
  50  5:35  Queen  
  54  5:39  Drone x3  
  54  5:40  Drone  
  54  5:41  Overlord  
  58  5:49  Spore Crawler  
  54  6:01  Drone x3  
  54  6:02  Drone  
  54  6:03  Drone x3  
  54  6:04  Drone x3  
  64  6:11  Hydralisk Den  
  64  6:12  Drone x3, Evolution Chamber  
  64  6:13  Drone x2  
  64  6:14  Evolution Chamber  
  65  6:29  Drone x5  
  70  6:47  Drone  
  70  6:49  Zerg Ground Armor Level 1, Zerg Missile Weapons Level 1  
  70  6:51  Muscular Augments  
  70  6:52  Drone  
  72  6:56  Drone  
  72  6:58  Overlord  
  72  6:59  Overlord  
  73  7:06  Overlord x3  
  73  7:07  Pneumatized Carapace  
  73  7:16  Extractor x2  
  71  7:23  Overlord x3  
  71  7:24  Overlord x2  
  71  7:26  Drone  
  71  7:27  Drone x2  
  71  7:28  Drone x2  
  71  7:29  Drone x3  
  79  7:32  Drone  
  79  7:33  Drone x3  
  79  7:36  Hydralisk  
  79  7:37  Hydralisk  
  87  7:48  Hydralisk x2  
  87  7:49  Roach x3  
  97  7:55  Glial Reconstitution  
  97  7:57  Hydralisk x3  
  103  8:10  Hydralisk  
  103  8:11  Hydralisk  
  103  8:12  Roach x3  
  113  8:15  Hatchery, Overlord  
  113  8:17  Roach x2  
  116  8:21  Roach x2  
  120  8:31  Roach x3  
  124  8:41  Roach x4  
  132  8:44  Zerg Ground Armor Level 2, Zerg Missile Weapons Level 2  
  132  8:46  Overlord x2  
  132  9:00  Hydralisk  
  132  9:01  Roach x2  
  132  9:02  Overlord x2  
  138  9:13  Roach x2  
  138  9:14  Roach x3  
  148  9:19  Roach x2  
  148  9:23  Overlord  
  150  9:36  Roach x2  
  150  9:45  Roach x2  
  150  9:46  Roach x4  
  142  9:54  Roach  
  92  10:15  Roach x7  
  92  10:16  Roach x3  
  92  10:18  Queen  
  114  10:39  Spire  
  113  10:47  Hydralisk x3  
  113  10:48  Hydralisk x9  
  113  10:49  Hydralisk x2  
  141  10:58  Roach, Extractor  
  141  10:59  Extractor  
  141  11:20  Roach x3  
  141  11:21  Roach x6  
  141  11:22  Roach  
  159  11:37  Roach, Hydralisk  
  159  11:38  Roach  
  165  11:52  Corruptor x7  
  179  12:30  Infestation Pit  
  178  12:41  Zerg Flyer Weapons Level 1, Corruptor x3  
  178  12:44  Overlord x3  
  182  12:53  Hatchery  
  182  12:54  Extractor  
  146  13:02  Hydralisk  
  146  13:03  Roach x4, Hydralisk x5  
  146  13:04  Roach x2  
  146  13:05  Roach, Zergling x8  
  135  13:06  Zergling x12  
  108  13:22  Roach x3  
  104  13:35  Roach x3  
  104  13:36  Roach x3  
  104  13:44  Roach x5  
  104  13:48  Roach  
  108  13:51  Roach x2  
  110  13:57  Hydralisk  
  112  14:09  Roach x2  
  120  14:10  Roach x4  
  124  14:24  Hydralisk  
  124  14:25  Roach  
  105  14:33  Roach  
Show
View Real Time Build Order
Export as new Build Order

maZ Protoss - Winner!

Build Orders: 1 Gate Expand 

Get SALT Encoding   

  12  0:00  Probe  
  13  0:13  Probe  
  14  0:22  Pylon  
  14  0:25  Probe  
  15  0:40  Probe  
  15  0:42  Gateway  
  16  0:46  Assimilator  
  16  0:52  Probe  
  17  1:04  Probe  
  18  1:16  Probe  
  19  1:27  Nexus  
  19  1:37  Cybernetics Core  
  19  1:42  Probe  
  19  1:44  Assimilator  
  20  1:51  Pylon  
  20  2:01  Gateway  
  20  2:06  Probe  
  21  2:14  Warp Gate  
  21  2:15  Adept (Chrono Boost)  
  23  2:18  Probe  
  24  2:30  Probe  
  24  2:33  Pylon  
  27  2:39  Probe  
  27  2:42  Probe  
  29  2:46  Adept (Chrono Boost)  
  29  2:48  Adept (Chrono Boost)  
  31  2:52  Probe  
  32  2:59  Probe  
  32  3:05  Probe  
  34  3:09  Stargate  
  34  3:13  Probe  
  34  3:18  Probe  
  36  3:24  Stalker  
  36  3:25  Probe  
  39  3:31  Probe  
  40  3:36  Twilight Council  
  40  3:37  Probe  
  41  3:43  Probe  
  42  3:49  Probe  
  42  3:55  Probe (Chrono Boost)  
  38  4:07  Probe (Chrono Boost)  
  43  4:10  Pylon, Oracle (Chrono Boost)  
  43  4:11  Probe (Chrono Boost)  
  43  4:12  Pylon  
  43  4:14  Shield Battery  
  43  4:15  Probe  
  44  4:19  Sentry  
  44  4:21  Adept  
  44  4:23  Probe  
  49  4:26  Assimilator  
  49  4:28  Probe  
  46  4:35  Probe  
  47  4:40  Adept, Probe  
  47  4:45  Adept  
  48  4:53  Probe x2  
  48  5:01  Shield Battery, Gateway  
  48  5:05  Gateway  
  48  5:06  Gateway  
  48  5:07  Resonating Glaives (Chrono Boost)  
  48  5:08  Gateway  
  48  5:11  Adept  
  48  5:13  Probe x2  
  52  5:24  Gateway  
  52  5:25  Probe x2, Phoenix  
  52  5:27  Sentry  
  58  5:40  Adept  
  60  5:47  Probe x2  
  62  5:53  Sentry  
  64  5:59  Nexus  
  64  6:01  Pylon  
  64  6:03  Probe x2  
  66  6:05  Stalker  
  66  6:06  Stalker  
  70  6:13  Pylon  
  70  6:23  Probe  
  71  6:29  Adept x3  
  77  6:33  Shield Battery  
  77  6:44  Stalker x2  
  81  6:50  Robotics Facility x2  
  81  6:54  Forge  
  81  6:55  Pylon  
  81  6:58  Forge  
  81  7:03  Pylon  
  81  7:07  Probe x2  
  83  7:13  Adept x3  
  83  7:14  Adept  
  91  7:17  Probe  
  91  7:19  Probe  
  93  7:31  Blink (Chrono Boost)  
  93  7:36  Probe x3  
  96  7:42  Assimilator  
  96  7:43  Protoss Ground Weapons Level 1 (Chrono Boost), Protoss Ground Armor Level 1 (Chrono Boost)  
  96  7:46  Observer (Chrono Boost)  
  96  7:50  Probe  
  96  7:51  Probe x2, Shield Battery  
  100  7:53  Photon Cannon  
  100  7:58  Photon Cannon  
  100  8:02  Gateway  
  100  8:07  Pylon  
  100  8:09  Robotics Bay  
  100  8:14  Assimilator  
  100  8:17  Assimilator  
  100  8:22  Probe x3  
  103  8:37  Pylon  
  103  8:44  Adept x2  
  103  8:45  Adept  
  109  8:49  Pylon  
  109  8:59  Protoss Ground Weapons Level 2 (Chrono Boost), Pylon  
  109  9:01  Extended Thermal Lance  
  121  9:03  Pylon  
  121  9:08  Colossus (Chrono Boost)  
  121  9:18  Colossus (Chrono Boost)  
  121  9:20  Adept x4  
  121  9:21  Adept x2  
  121  9:22  Adept x2, Charge  
  130  9:47  Stalker, Colossus (Chrono Boost)  
  130  9:48  Stalker x2  
  126  9:55  Stalker x4  
  106  10:08  Stalker  
  106  10:10  Probe x2  
  104  10:18  Colossus (Chrono Boost)  
  110  10:22  Probe  
  110  10:27  Zealot x3  
  110  10:28  Nexus, Zealot x4  
  123  10:31  Pylon  
  123  10:35  Gateway  
  125  10:37  Pylon  
  125  10:41  Gateway  
  125  10:42  Gateway  
  125  10:44  Gateway  
  125  10:46  Gateway  
  127  10:54  Templar Archives, Warp Prism (Chrono Boost)  
  127  10:56  Shield Battery  
  127  11:00  Sentry  
  127  11:01  Pylon  
  127  11:04  Stalker x4, Protoss Ground Armor Level 2 (Chrono Boost)  
  129  11:05  Stalker x2  
  139  11:26  Protoss Ground Weapons Level 3 (Chrono Boost)  
  139  11:27  Immortal x2  
  147  11:50  Psionic Storm  
  147  11:53  High Templar  
  147  11:54  High Templar  
  151  11:55  Zealot x7  
  151  11:56  Zealot x2  
  151  11:58  Archon  
  169  12:09  Assimilator  
  169  12:11  Photon Cannon  
  169  12:12  Assimilator  
  169  12:14  Photon Cannon  
  169  12:15  High Templar x2  
  173  12:39  Archon  
  173  12:40  High Templar x2  
  177  12:44  Archon  
  177  12:45  Zealot x5  
  177  12:46  Zealot x3  
  193  12:56  Zealot x2  
  121  13:13  High Templar x6  
  121  13:18  Archon x2  
  133  13:30  Zealot x4  
  133  13:31  Zealot x2  
  133  13:33  Immortal x2 (Chrono Boost)  
  133  13:55  Zealot x3  
  135  13:56  Zealot x2  
  135  13:57  Stalker x5  
  135  13:58  Stalker x2  
  167  14:34  Nexus  
  157  14:46  High Templar  
  157  14:47  High Templar x5  
  157  14:48  Zealot x2  
  157  14:49  Zealot x4  
Tags
 
Add a new tag
Caveats
  • Supply blocks, unpowered buildings, or Contaminate may cause inaccurate times.
  • Supply counts are checked every 10 seconds.